| TOP OF THE 1ST |
|
Evansville Triplets batting - Pitching for Indianapolis Indians : RHP Mark Breitenbach
|
|
Pitching: RHP Mark Breitenbach
|
|
|
Batting: LHB Greg Gross
|
0-0: Called Strike 0-1: Ball 1-1: Ground out 4-3 (Groundball, 4, EV 83.8 MPH)
|
|
Batting: RHB Cory Mihalic
|
0-0: Ball 1-0: Called Strike 1-1: Foul Ball, location: 2F 1-2: Foul Ball, location: 2F 1-2: Fly out, F8 (Flyball, 8LD, EV 100.6 MPH)
|
|
Batting: LHB Lloyd Moseby
|
0-0: Ball 1-0: Ball 2-0: Ball 3-0: Base on Balls
|
|
Batting: RHB Ron Kittle
|
0-0: Ball 1-0: Foul Ball, location: 2F 1-1: 2-RUN HOME RUN (Line Drive, 7LD, EV 105.0 MPH), Distance : 346 ft
|
|
Batting: LHB Luis Alfaro
|
0-0: Called Strike 0-1: Foul Ball, location: 2F 0-2: Strikes out looking
|
| Top of the 1st over - 2 runs, 1 hit, 0 errors, 0 left on base; Evansville 2 - Indianapolis 0 |
| BOTTOM OF THE 1ST |
|
Indianapolis Indians batting - Pitching for Evansville Triplets : RHP Tom Henke
|
|
Pitching: RHP Tom Henke
|
|
|
Batting: SHB Julio Estrada
|
0-0: Foul Ball, location: 2F 0-1: Ground out U3 (Groundball, 3S, EV 83.8 MPH)
|
|
Batting: LHB Roberto Ruiz
|
0-0: Called Strike 0-1: Ground out U3 (Groundball, 3L, EV 103.8 MPH)
|
|
Batting: LHB Scott Radloff
|
0-0: Called Strike 0-1: Ball 1-1: Swinging Strike 1-2: Ball 2-2: Ball 3-2: SINGLE (Flyball, 78S, EV 92.5 MPH)
|
|
Batting: RHB Pat Rooney
|
0-0: Ball 1-0: Foul Ball, location: 2F 1-1: Ball 2-1: Ball 3-1: Foul Ball, location: 2F 3-2: Strikes out swinging
|
| Bottom of the 1st over - 0 runs, 1 hit, 0 errors, 1 left on base; Evansville 2 - Indianapolis 0 |
| TOP OF THE 2ND |
|
Evansville Triplets batting - Pitching for Indianapolis Indians : RHP Mark Breitenbach
|
|
Batting: RHB Mike Allen
|
0-0: Ground out 5-3 (Groundball, 56S, EV 80.6 MPH)
|
|
Batting: RHB Ed Putman
|
0-0: Ball 1-0: Called Strike 1-1: Foul Ball, location: 2F 1-2: Foul Ball, location: 2F 1-2: Foul Ball, location: 2F 1-2: Ground out 4-3 (Groundball, 4, EV 108.1 MPH)
|
|
Batting: RHB Jaden Smith
|
0-0: Ground out 6-3 (Groundball, 6, EV 83.8 MPH)
|
| Top of the 2nd over - 0 runs, 0 hits, 0 errors, 0 left on base; Evansville 2 - Indianapolis 0 |
| BOTTOM OF THE 2ND |
|
Indianapolis Indians batting - Pitching for Evansville Triplets : RHP Tom Henke
|
|
Batting: RHB Steven Campbell
|
0-0: Ball 1-0: SINGLE (Flyball, 34D, EV 88.1 MPH)
|
|
Batting: RHB Tracy Cowger
|
0-0: Foul Ball, location: 2F 0-1: Ball 1-1: Ball 2-1: Foul Ball, location: 2F 2-2: Fly out, F4 (Popup, 4D, EV 70.6 MPH)
|
|
Batting: LHB James Maxwell
|
0-0: Ball 1-0: Called Strike 1-1: Foul Ball, location: 2F 1-2: Foul Ball, location: 2F 1-2: Fly out, F7 (Line Drive, 7, EV 105.6 MPH)
|
|
Batting: LHB David Bertulli
|
0-0: Ball 1-0: Called Strike 1-1: Ball 2-1: Ball 3-1: Foul Ball, location: 2F 3-2: Fly out, F4 (Line Drive, 4, EV 63.8 MPH)
|
| Bottom of the 2nd over - 0 runs, 1 hit, 0 errors, 1 left on base; Evansville 2 - Indianapolis 0 |
| TOP OF THE 3RD |
|
Evansville Triplets batting - Pitching for Indianapolis Indians : RHP Mark Breitenbach
|
|
Batting: SHB Bobby Thompson
|
0-0: Bunt missed! 0-1: Ball 1-1: Ball 2-1: Ball 3-1: Base on Balls
|
|
Batting: LHB Greg Gross
|
0-0: Ball 1-0: Fielders Choice at 2nd, 3-6 (Groundball, 3, EV 100.6 MPH)
|
|
Batting: RHB Cory Mihalic
|
0-0: Called Strike Greg Gross steals 2nd base (no throw) 0-1: Foul Ball, location: 2F 0-2: SINGLE (Groundball, 6MD, EV 95.0 MPH) Greg Gross to third Runner from 3rd tries for Home, SAFE, throw by CF to home
|
|
Batting: LHB Lloyd Moseby
|
0-0: Ball 1-0: Called Strike 1-1: Foul Ball, location: 2F 1-2: Ground out 4-3 (Groundball, 4, EV 86.9 MPH) Cory Mihalic to second
|
|
Batting: RHB Ron Kittle
|
0-0: Ball 1-0: Foul Ball, location: 2F 1-1: Ball 2-1: Foul Ball, location: 2F 2-2: SINGLE (Groundball, 4MD, EV 101.9 MPH) Cory Mihalic to third Runner from 3rd tries for Home, throw by CF and OUT! 8-2
|
| Top of the 3rd over - 1 run, 2 hits, 0 errors, 1 left on base; Evansville 3 - Indianapolis 0 |
| BOTTOM OF THE 3RD |
|
Indianapolis Indians batting - Pitching for Evansville Triplets : RHP Tom Henke
|
|
Batting: RHB Juan Bernhardt
|
0-0: Called Strike 0-1: Ground out 4-3 (Groundball, 4, EV 109.4 MPH)
|
|
Batting: SHB Julio Estrada
|
0-0: Called Strike 0-1: Ball 1-1: Ball 2-1: Foul Ball, location: 2F 2-2: Ground out 5-3 (Groundball, 5, EV 90.6 MPH)
|
|
Batting: LHB Roberto Ruiz
|
0-0: Called Strike 0-1: Fly out, F8 (Flyball, 8RD, EV 88.8 MPH)
|
| Bottom of the 3rd over - 0 runs, 0 hits, 0 errors, 0 left on base; Evansville 3 - Indianapolis 0 |
| TOP OF THE 4TH |
|
Evansville Triplets batting - Pitching for Indianapolis Indians : RHP Mark Breitenbach
|
|
Batting: LHB Luis Alfaro
|
0-0: Ground out 4-3 (Groundball, 4, EV 83.8 MPH)
|
|
Batting: RHB Mike Allen
|
0-0: SINGLE (Groundball, 56, EV 106.9 MPH)
|
|
Batting: RHB Ed Putman
|
0-0: Ball 1-0: SINGLE (Groundball, 56D, EV 96.3 MPH) Mike Allen to second
|
|
Batting: RHB Jaden Smith
|
0-0: Called Strike 0-1: Called Strike 0-2: Ball 1-2: Strikes out swinging
|
|
Batting: SHB Bobby Thompson
|
0-0: Ball 1-0: Foul Ball, location: 2F 1-1: Ball 2-1: Foul Ball, location: 2F 2-2: Foul Ball, location: 2F 2-2: Ball 3-2: Ground out U3 (Groundball, 34, EV 106.3 MPH)
|
| Top of the 4th over - 0 runs, 2 hits, 0 errors, 2 left on base; Evansville 3 - Indianapolis 0 |
| BOTTOM OF THE 4TH |
|
Indianapolis Indians batting - Pitching for Evansville Triplets : RHP Tom Henke
|
|
Batting: LHB Scott Radloff
|
0-0: SINGLE (Line Drive, 8RS, EV 108.1 MPH)
|
|
Batting: RHB Pat Rooney
|
0-0: Fly out, F5 (Popup, 56, EV 77.5 MPH)
|
|
Batting: RHB Steven Campbell
|
0-0: Called Strike 0-1: Ball 1-1: Foul Ball, location: 2F 1-2: Strikes out swinging
|
|
Batting: RHB Tracy Cowger
|
0-0: Called Strike 0-1: Called Strike 0-2: Fly out, F8 (Flyball, 78XD, EV 97.5 MPH)
|
| Bottom of the 4th over - 0 runs, 1 hit, 0 errors, 1 left on base; Evansville 3 - Indianapolis 0 |
| TOP OF THE 5TH |
|
Evansville Triplets batting - Pitching for Indianapolis Indians : RHP Mark Breitenbach
|
|
Batting: LHB Greg Gross
|
0-0: Foul Ball, location: 2F 0-1: Ball 1-1: Ball 2-1: Ground out 6-3 (Groundball, 6, EV 84.4 MPH)
|
|
Batting: RHB Cory Mihalic
|
0-0: Fly out, F9 (Flyball, 9, EV 95.6 MPH)
|
|
Batting: LHB Lloyd Moseby
|
0-0: Fly out, F9 (Flyball, 9LS, EV 80.0 MPH)
|
| Top of the 5th over - 0 runs, 0 hits, 0 errors, 0 left on base; Evansville 3 - Indianapolis 0 |
| BOTTOM OF THE 5TH |
|
Indianapolis Indians batting - Pitching for Evansville Triplets : RHP Tom Henke
|
|
Batting: LHB James Maxwell
|
0-0: Ball 1-0: Ball 2-0: Ball 3-0: Called Strike 3-1: Base on Balls
|
|
Batting: LHB David Bertulli
|
0-0: Bunt missed! 0-1: Ball 1-1: Bunt missed! 1-2: Ball 2-2: Grounds into double play, 3-6-3 (Groundball, 34S, EV 78.8 MPH)
|
|
Batting: RHB Juan Bernhardt
|
0-0: Ground out 6-3 (Groundball, 6, EV 105.0 MPH)
|
| Bottom of the 5th over - 0 runs, 0 hits, 0 errors, 0 left on base; Evansville 3 - Indianapolis 0 |
| TOP OF THE 6TH |
|
Evansville Triplets batting - Pitching for Indianapolis Indians : RHP Mark Breitenbach
|
|
Batting: RHB Ron Kittle
|
0-0: Swinging Strike 0-1: Ball 1-1: Foul Ball, location: 2F 1-2: Strikes out looking
|
|
Batting: LHB Luis Alfaro
|
0-0: Ball 1-0: Foul Ball, location: 2F 1-1: Swinging Strike 1-2: Ball 2-2: Foul Ball, location: 2F 2-2: Fly out, F9 (Flyball, 9, EV 95.0 MPH)
|
|
Batting: RHB Mike Allen
|
0-0: Ball 1-0: Ball 2-0: Fly out, F7 (Flyball, 7LM, EV 86.9 MPH)
|
| Top of the 6th over - 0 runs, 0 hits, 0 errors, 0 left on base; Evansville 3 - Indianapolis 0 |
| BOTTOM OF THE 6TH |
|
Indianapolis Indians batting - Pitching for Evansville Triplets : RHP Tom Henke
|
|
Batting: SHB Julio Estrada
|
0-0: Called Strike 0-1: Ground out 4-3 (Groundball, 34D, EV 91.9 MPH)
|
|
Batting: LHB Roberto Ruiz
|
0-0: Ball 1-0: Ball 2-0: Ball 3-0: Base on Balls
|
|
Batting: LHB Scott Radloff
|
0-0: Ball 1-0: Ball 2-0: Grounds into double play, 4-6-3 (Groundball, 4D, EV 104.4 MPH)
|
| Bottom of the 6th over - 0 runs, 0 hits, 0 errors, 0 left on base; Evansville 3 - Indianapolis 0 |
| TOP OF THE 7TH |
|
Evansville Triplets batting - Pitching for Indianapolis Indians : RHP Mark Breitenbach
|
|
Batting: RHB Ed Putman
|
0-0: Ball 1-0: Foul Ball, location: 2F 1-1: Called Strike 1-2: Strikes out looking
|
|
Batting: RHB Jaden Smith
|
0-0: Called Strike 0-1: Called Strike 0-2: Fly out, F9 (Line Drive, 9D, EV 96.9 MPH)
|
|
Batting: SHB Bobby Thompson
|
0-0: Swinging Strike 0-1: Foul Ball, location: 2F 0-2: Ball 1-2: Ball 2-2: Strikes out swinging
|
| Top of the 7th over - 0 runs, 0 hits, 0 errors, 0 left on base; Evansville 3 - Indianapolis 0 |
| BOTTOM OF THE 7TH |
|
Indianapolis Indians batting - Pitching for Evansville Triplets : RHP Tom Henke
|
|
Batting: RHB Pat Rooney
|
0-0: Fly out, F7 (Flyball, 78S, EV 85.6 MPH)
|
|
Batting: RHB Steven Campbell
|
0-0: Ground out 4-3 (Groundball, 4, EV 104.4 MPH)
|
|
Batting: RHB Tracy Cowger
|
0-0: Ball 1-0: SOLO HOME RUN (Flyball, 7LD, EV 95.0 MPH), Distance : 345 ft
|
|
Batting: LHB James Maxwell
|
0-0: Ball 1-0: Called Strike 1-1: Swinging Strike 1-2: Ball 2-2: Foul Ball, location: 2F 2-2: Foul Ball, location: 2F 2-2: SINGLE (Groundball, 4MD, EV 96.3 MPH)
|
|
Batting: LHB David Bertulli
|
0-0: Foul Ball, location: 2F 0-1: Fly out, F4 (Popup, 4, EV 63.1 MPH)
|
| Bottom of the 7th over - 1 run, 2 hits, 0 errors, 1 left on base; Evansville 3 - Indianapolis 1 |
| TOP OF THE 8TH |
|
Evansville Triplets batting - Pitching for Indianapolis Indians : RHP Mark Breitenbach
|
|
Batting: LHB Greg Gross
|
0-0: Ball 1-0: Ball 2-0: Foul Ball, location: 2F 2-1: Called Strike 2-2: Strikes out swinging
|
|
Batting: RHB Cory Mihalic
|
0-0: Called Strike 0-1: Fly out, F7 (Flyball, 7LM, EV 88.8 MPH)
|
|
Batting: LHB Lloyd Moseby
|
0-0: Called Strike 0-1: Swinging Strike 0-2: Foul Ball, location: 2F 0-2: Fly out, F2 (Popup, 25F, EV 77.5 MPH)
|
| Top of the 8th over - 0 runs, 0 hits, 0 errors, 0 left on base; Evansville 3 - Indianapolis 1 |
| BOTTOM OF THE 8TH |
|
Indianapolis Indians batting - Pitching for Evansville Triplets : RHP Tom Henke
|
|
Pitching: LHP Randy Niemann
|
|
|
Batting: RHB Juan Bernhardt
|
0-0: Ball 1-0: Ground out 5-3 (Groundball, 56, EV 89.4 MPH)
|
|
Batting: SHB Julio Estrada
|
0-0: Ball 1-0: Ground out 5-3 (Groundball, 56, EV 85.0 MPH)
|
|
Batting: LHB Roberto Ruiz
|
0-0: Ball 1-0: Ground out 4-3 (Groundball, 4, EV 83.8 MPH)
|
| Bottom of the 8th over - 0 runs, 0 hits, 0 errors, 0 left on base; Evansville 3 - Indianapolis 1 |
| TOP OF THE 9TH |
|
Evansville Triplets batting - Pitching for Indianapolis Indians : RHP Mark Breitenbach
|
|
Batting: RHB Ron Kittle
|
0-0: Called Strike 0-1: Ball 1-1: Foul Ball, location: 2F 1-2: Ball 2-2: Ball 3-2: SINGLE (Groundball, 6D, EV 102.5 MPH)
|
|
Batting: LHB Luis Alfaro
|
0-0: Foul Ball, location: 2F 0-1: Foul Ball, location: 2F 0-2: Ball 1-2: Grounds into double play, 4-6-3 (Groundball, 34, EV 102.5 MPH)
|
|
Batting: RHB Mike Allen
|
0-0: Ball 1-0: Called Strike 1-1: SINGLE (Groundball, 4MD, EV 93.8 MPH)
|
|
Batting: RHB Ed Putman
|
0-0: Ball 1-0: SINGLE (Line Drive, 78S, EV 87.5 MPH) Mike Allen to second Runner from 2nd tries for 3rd, SAFE, throw by LF made to third
|
|
Batting: RHB Jaden Smith
|
0-0: Fly out, F8 (Line Drive, 8RD, EV 86.9 MPH)
|
| Top of the 9th over - 0 runs, 3 hits, 0 errors, 2 left on base; Evansville 3 - Indianapolis 1 |
| BOTTOM OF THE 9TH |
|
Indianapolis Indians batting - Pitching for Evansville Triplets : LHP Randy Niemann
|
|
Batting: LHB Scott Radloff
|
0-0: Ball 1-0: Foul Ball, location: 2F 1-1: Swinging Strike 1-2: Foul Ball, location: 2F 1-2: Strikes out looking
|
|
Batting: RHB Pat Rooney
|
0-0: Ground out 5-3 (Groundball, 56S, EV 92.5 MPH)
|
|
Batting: RHB Steven Campbell
|
0-0: Called Strike 0-1: Ball 1-1: Ball 2-1: Called Strike 2-2: Reached on error, E6 (Groundball, 6, EV 81.3 MPH)
|
|
Batting: RHB Tracy Cowger
|
0-0: Ball 1-0: Called Strike 1-1: Fielders Choice at 2nd, 5-4 (Groundball, 5, EV 83.1 MPH)
|
| Bottom of the 9th over - 0 runs, 0 hits, 1 error, 1 left on base; Evansville 3 - Indianapolis 1 |
|